 Dungeon Crawl Stone Soup version 0.30-a0-743-gbfdf073431 (webtiles) character file.

Game seed: 18246078327630878007

27 Alatreon the Trooper (level 3, -2/23 HPs)
             Began as a Gargoyle Fighter on Feb 8, 2023.
             Killed by an exploding ball python (25 damage)
             ... ignited by their inner flame
             ... on level 1 of the Dungeon.
             The game lasted 00:00:58 (392 turns).

Alatreon the Trooper (Gargoyle Fighter)              Turns: 392, Time: 00:00:59

Health: -2/23      AC: 10    Str: 21    XL:     3   Next: 10%
Magic:  3/3        EV:  9    Int:  8    God:
Gold:   60         SH:  4    Dex:  9    Spells: 2/2 levels left

rFire   . . .      SeeInvis .    a - +0 flail
rCold   . . .      Faith    .    c - +0 buckler
rNeg    + . .      Spirit   .    b - +0 scale mail
rPois   ∞          Reflect  .    (no helmet)
rElec   +          Harm     .    (no cloak)
rCorr   .          Rampage  .    (no gloves)
Will    .....                    (no boots) Stlth
                                 (no amulet)
HPRegen 0.23/turn                (no ring)
MPRegen 0.08/turn                (no ring)

@: no status effects
A: sickness immunity, AC +3, negative energy resistance 1, electricity
resistance, torment resistance 1, petrification resistance
a: no special abilities


You were on level 1 of the Dungeon.
You visited 1 branch of the dungeon, and saw 1 of its levels.

You collected 60 gold pieces.

Inventory:

Hand Weapons
 a - a +0 flail (weapon)
Armour
 b - a +0 scale mail (worn)
 c - a +0 buckler (worn)
Scrolls
 g - a scroll of immolation
 h - a scroll of teleportation {unknown}
Potions
 d - a potion of might
 e - 2 potions of lignification {unknown}
 f - a potion of degeneration {unknown}


   Skills:
 + Level 3.6 Fighting
 * Level 2.8 Maces & Flails
 + Level 3.6 Armour
 - Level 3.4 Shields


You had 2 spell levels left.
You didn't know any spells.
Your spell library was empty.

Dungeon Overview and Level Annotations

Branches:
Dungeon (1/15)

Altars:


Innate Abilities, Weirdness & Mutations

You are immune to sickness and miasma.
Your stone body is resilient. (AC +3)
You are immune to poison.
You resist negative energy. (rN+)
You are resistant to electric shocks. (rElec)
You are resistant to unholy torment.
You are immune to petrification.


Message History

You hit the ball python.
You kill the ball python!
The bat barely misses you. The bat hits you but does no damage. x2
You sock the bat!
You kill the bat!
You barely miss the hobgoblin. The hobgoblin barely misses you.
The hobgoblin hits you but does no damage.
You closely miss the hobgoblin. The hobgoblin closely misses you.
You hit the hobgoblin.
You kill the hobgoblin!
No target in view!
No target in view!
No target in view!
No target in view!
No target in view!
No target in view!
No target in view!
No target in view!
No target in view!
No target in view!
No target in view!
No target in view!
No target in view!
Things that are here:
a ball python corpse; a hobgoblin corpse
h - a scroll labelled MAFUBI OTAA
g - 2 scrolls labelled YXTOSTR NUTUOLA (gained 1)
You now have 60 gold pieces (gained 10).
A ball python comes into view.
You see here a scroll labelled AMYUNE JU IDIU.
As you read the scroll labelled YXTOSTR NUTUOLA, it crumbles to dust.
The creatures around you are filled with an inner flame!
It was a scroll of immolation.
The ball python hisses angrily.
Unknown command.
You thump the ball python!
The ball python explodes!
The fiery explosion engulfs you!!
Ouch! That really hurt!
You die...

####.###### #.>....†... ####
#.##.#.#### .. ##... #.##.#.# #
.## #...# #.#..#.# #...# ..#.. #
#.#.##.# #.#.## #.#.####.#
#.#.##.# .... #.#..§§§.# #......#
#######.####.#..@#..#####.####
...).##...†....?.#........#######
.........##.####.#..######...##..
##.#.###.##... ..# #.......
#..†..#.######... #...##.#
###.#.#.# #...# ##†###.#
####.#.#.# #...# #.###.#
.....†...# #...# ###.#....
######.### #...# #....###.


There were no monsters in sight!

Vanquished Creatures
  A dart slug (D:1)
  4 ball pythons (D:1)
  4 endoplasms (D:1)
  A goblin (D:1)
  2 hobgoblins (D:1)
  A quokka (D:1)
  5 bats (D:1)
  3 frilled lizards (D:1)
  2 kobolds (D:1)
  2 rats (D:1)
25 creatures vanquished.

Notes
Turn   | Place    | Note
-------+----------+-------------------------------------------
     0 | D:1      | Alatreon the Gargoyle Fighter began the quest for the Orb.
     0 | D:1      | Reached XP level 1. HP: 14/14 MP: 1/1
   134 | D:1      | Reached XP level 2. HP: 19/19 MP: 2/2
   372 | D:1      | Reached XP level 3. HP: 23/23 MP: 3/3
   392 | D:1      | Killed by an exploding ball python... ignited by their
                  | inner flame

Illustrated notes

Levels and vault maps discovered:
D:1:      eino_arrival_cavern_b, layout_loops_cross, minmay_tetromino_i4

Action                     || total
---------------------------++-------
  Melee: Flail             ||    66
    Use: Scroll            ||     1
 Armour: Scale mail        ||    53
  Dodge: Dodged            ||    25
  Block: Buckler           ||    13

Table legend: (Time is in decaauts)
 A = Elapsed time spent in this place.
 B = Non-inter-level travel time spent in this place.
 C = Inter-level travel time spent in this place.
 D = Time resting spent in this place.
 E = Time spent auto-exploring this place.
 F = Levels seen in this place.
 G = Mean time per level.
                   A        B        C        D        E       F      G
               +--------+--------+--------+--------+--------+-----+--------+
         Total |    413 |    413 |      0 |      0 |    255 |   1 |  413.0 |
       Dungeon |    413 |    413 |      0 |      0 |    255 |   1 |  413.0 |
               +--------+--------+--------+--------+--------+-----+--------+

Top non-repeatable levels by time:
     D:1: 413 daAuts
